Blackhawks vs Devils
Created - January 19, 2020 at 08:43
Goals
|
| Blackhawks |
1 |
1 |
2 |
4 |
| Devils |
0 |
2 |
0 |
2 |
|
Shots
|
| Blackhawks |
8 |
15 |
10 |
33 |
| Devils |
18 |
12 |
8 |
38 |
|
1st period
1. Blackhawks , Michael Latta 4 (David Jones 5, John Carlson 26) at 3:02
Penalties :
Derick Brassard (Chi) for Interference (Minor) at 5:53, Erik Christensen (Chi) for Diving (Minor) at 10:43
2nd period
2. Blackhawks , Antoine Roussel 13 (John Carlson 27) at 7:13
3. Devils , Johnny Gaudreau 22 (Ryan Johansen 24, Viktor Arvidsson 11) at 7:29
4. Devils , Tyler Seguin 14 (Brady Skjei 11, Shea Weber 15) at 13:08
Penalties :
Derick Brassard (Chi) for High sticking (Minor) at 8:41, Derick Brassard (Chi) for Roughing (Minor) at 13:11, Michael Latta (Chi) for Roughing (Minor) at 15:45
3rd period
5. Blackhawks , Tomas Fleischmann 6 (Erik Christensen 11, Gabriel Bourque 5) at 6:53
6. Blackhawks , John Carlson 6 (Derick Brassard 37) at 8:19 (PP)
Penalties :
Travis Hamonic (NJD) for High sticking (Minor) at 3:29, Carl Gunnarsson (NJD) for Slashing (Minor) at 8:18, Scott Gomez (Chi) for Hooking (Minor) at 15:30
Goalie Stats
Jimmy Howard (Chi), 36 saves from 38 shots - (0.947), W, 17-10-4, 60:00 minutes
John Gibson (NJD), 29 saves from 33 shots - (0.879), L, 14-15-1, 60:00 minutes
Players Stats for Blackhawks
Player Name G A P +/- PIM S H SB GA TA FO MP PP MP PK MP
------------------------------------------------------------------------------------
Antoine Roussel 1 0 1 1 0 5 3 0 0 0 0/0 12:54 0:48 0:00
Bobby Ryan 0 0 0 1 0 1 0 0 0 0 0/0 12:18 0:00 0:00
Brandon Yip 0 0 0 1 0 1 0 1 0 0 1/4 14:44 0:48 3:40
Chris Kreider 0 0 0 -2 0 4 1 0 1 0 1/3 24:24 1:12 6:45
David Jones 0 1 1 1 0 1 0 0 0 0 0/0 6:51 0:00 0:00
Derick Brassard 0 1 1 -2 6 5 0 0 0 0 17/35 18:13 1:12 0:00
Erik Christensen 0 1 1 1 2 1 1 0 1 0 9/12 10:14 0:00 0:24
Gabriel Bourque 0 1 1 1 0 0 1 0 0 0 0/0 8:21 0:00 1:41
John Carlson 1 2 3 1 0 3 0 0 1 0 0/0 22:14 1:26 0:00
Justin Falk 0 0 0 0 0 0 0 0 0 0 0/0 14:14 0:00 4:34
Matthew Spiller 0 0 0 0 0 1 0 3 0 0 0/0 22:58 0:00 7:20
Michael Latta 1 0 1 1 2 2 2 0 2 0 0/2 10:12 0:00 3:13
Mike Green 0 0 0 1 0 0 2 2 2 1 0/0 22:14 1:26 0:00
Rick Nash 0 0 0 -2 0 1 1 0 0 0 0/0 17:50 1:12 0:00
Scott Gomez 0 0 0 1 2 0 2 0 0 1 9/17 18:31 0:48 4:55
Seth Jones 0 0 0 0 0 1 0 1 0 0 0/0 14:48 0:34 4:34
Tomas Fleischmann 1 0 1 1 0 5 1 1 1 0 0/0 13:28 0:00 3:10
Tyler Cuma 0 0 0 0 0 2 1 1 0 1 0/0 23:32 0:34 7:20
Players Stats for Devils
Player Name G A P +/- PIM S H SB GA TA FO MP PP MP PK MP
------------------------------------------------------------------------------------
Anthony Stewart 0 0 0 -2 0 0 0 0 0 0 0/0 5:27 0:00 0:00
Brady Skjei 0 1 1 1 0 2 4 1 0 0 0/0 26:18 4:45 0:04
Brandon Burlon 0 0 0 -1 0 1 1 0 0 1 0/0 11:18 0:00 1:17
Carl Gunnarsson 0 0 0 -1 2 0 0 0 0 0 0/0 10:38 0:00 0:38
Gabriel Landeskog 0 0 0 1 0 6 0 1 0 0 1/1 19:32 5:19 1:20
Johnny Gaudreau 1 0 1 0 0 4 0 0 0 1 1/1 23:14 6:19 0:18
Kellan Lain 0 0 0 0 0 1 1 0 0 1 0/1 11:55 0:15 0:22
Kevin Porter 0 0 0 0 0 5 0 1 1 0 2/6 10:36 0:00 0:00
Marian Hossa 0 0 0 0 0 0 1 1 0 0 1/1 10:36 0:00 0:00
Rostislav Olesz 0 0 0 -2 0 0 0 0 0 0 0/0 6:12 0:00 0:29
Ryan Johansen 0 1 1 0 0 1 2 0 0 0 19/33 22:54 5:06 1:09
Shea Weber 0 1 1 1 0 3 3 2 0 2 0/0 29:20 7:09 0:38
Tobias Enstrom 0 0 0 -1 0 2 1 3 0 0 0/0 20:39 4:45 1:22
Tobias Rieder 0 0 0 1 0 2 2 0 1 0 1/3 19:05 6:25 0:00
Travis Hamonic 0 0 0 -1 2 0 1 0 0 2 0/0 21:59 7:09 0:01
Tyler Bozak 0 0 0 -2 0 0 1 0 0 0 0/3 7:10 0:37 0:22
Tyler Seguin 1 0 1 1 0 7 1 0 0 1 11/23 19:20 6:35 0:00
Viktor Arvidsson 0 1 1 0 0 4 0 0 1 0 0/1 21:45 5:06 0:00
3 Stars
1 - John Carlson (Chi)
2 - Jimmy Howard (Chi)
3 - Antoine Roussel (Chi)
Power Play
Blackhawks - 1 on 2 Attempt(s) - 50.00%
Devils - 0 on 6 Attempt(s) - 0.00%
Penalty Kill
Blackhawks - 6 on 6 Attempt(s) - 100.00%
- Score 0 goal in Penalty Kill
Devils - 1 on 2 Attempt(s) - 50.00%
- Score 0 goal in Penalty Kill
Team Stat
Blackhawks - Hits : 15 - Faceoff Wins : 37 - Blocked Shots : 9 - Penalty Minutes : 12
Devils - Hits : 18 - Faceoff Wins : 36 - Blocked Shots : 9 - Penalty Minutes : 4
Official
Referees : Unknown
Linesman : Unknown
Game Notes
No Game Note
Finance
Level 1 -- Attendance: 5134 (85.57%) -- Ticket Income $564,740
Level 2 -- Attendance: 4084 (81.68%) -- Ticket Income $285,880
Level 3 -- Attendance: 1708 (85.40%) -- Ticket Income $78,568
Level 4 -- Attendance: 3914 (97.85%) -- Ticket Income $117,420
Luxury Box -- Attendance: 1000 (100.00%) -- Ticket Income $180,000
Game was played at the The prudential Center.
Total Attendance: 15840 (88.00%)
Total Ticket Income: $1,226,608
Other Income: $183,991
Total Income: $1,410,599
Blackhawks
5 vs 5 Forward
Center Left Wing Right Wing Time % Phy DF OF
1 Derick Brassard Chris Kreider Rick Nash 40 1 2 2
2 Scott Gomez Antoine Roussel Bobby Ryan 30 1 2 2
3 Erik Christensen Tomas Fleischmann Brandon Yip 20 1 2 2
4 Michael Latta Gabriel Bourque David Jones 10 1 2 2
5 vs 5 Defense
Defense Defense Time % Phy DF OF
1 John Carlson Mike Green 40 1 2 2
2 Tyler Cuma Matthew Spiller 30 1 2 2
3 Seth Jones Justin Falk 20 1 2 2
4 John Carlson Mike Green 10 1 2 2
PowerPlay Forward
Center Left Wing Right Wing Time % Phy DF OF
1 Derick Brassard Chris Kreider Rick Nash 60 1 2 2
2 Scott Gomez Antoine Roussel Brandon Yip 40 1 2 2
PowerPlay Defense
Defense Defense Time % Phy DF OF
1 John Carlson Mike Green 60 1 2 2
2 Tyler Cuma Seth Jones 40 1 2 2
Penalty Kill 4 Players Forward
Center Wing Time % Phy DF OF
1 Scott Gomez Chris Kreider 60 1 2 2
2 Michael Latta Tomas Fleischmann 40 1 2 2
Penalty Kill 4 Players Defense
Defense Defense Time % Phy DF OF
1 Tyler Cuma Matthew Spiller 60 1 2 2
2 Seth Jones Justin Falk 40 1 2 2
Penalty Kill - 3 Players Forward
Forward Time % Phy DF OF
1 Scott Gomez 60 1 2 2
2 Derick Brassard 40 1 2 2
Penalty Kill - 3 Players Defense
Defense Defense Time % Phy DF OF
1 Mike Green John Carlson 60 1 2 2
2 Seth Jones Justin Falk 40 1 2 2
4 vs 4 Forward
Center Wing Time % Phy DF OF
1 Derick Brassard Chris Kreider 60 1 2 2
2 Scott Gomez Rick Nash 40 1 2 2
4 vs 4 Defense
Defense Defense Time % Phy DF OF
1 Mike Green John Carlson 60 1 2 2
2 Tyler Cuma Seth Jones 40 1 2 2
Last Minutes Offensive
Center Left Wing Right Wing Defense Defense
Derick Brassard Chris Kreider Rick Nash Mike Green John Carlson
Last Minutes Defensive
Center Left Wing Right Wing Defense Defense
Derick Brassard Chris Kreider Rick Nash Mike Green John Carlson
Goaltenders
Starting : Jimmy Howard
Backup : Ray Emery
Extra Forwards
Normal : Tomas Fleischmann, Brandon Yip, David Jones - PP : Tomas Fleischmann, Brandon Yip - PK : Brandon Yip
Extra Defensemen
Normal : Seth Jones, Justin Falk, John Carlson - PP : Matthew Spiller - PK : John Carlson, Seth Jones
Penalty Shots
Derick Brassard, Rick Nash, Chris Kreider, Mike Green, Antoine Roussel
Scratches
None
Devils
5 vs 5 Forward
Center Left Wing Right Wing Time % Phy DF OF
1 Ryan Johansen Johnny Gaudreau Viktor Arvidsson 40 0 2 3
2 Tyler Seguin Gabriel Landeskog Tobias Rieder 30 0 2 3
3 Kevin Porter Kellan Lain Marian Hossa 20 0 3 2
4 Tyler Bozak Rostislav Olesz Anthony Stewart 10 0 3 1
5 vs 5 Defense
Defense Defense Time % Phy DF OF
1 Brady Skjei Shea Weber 40 1 2 2
2 Travis Hamonic Tobias Enstrom 30 1 2 2
3 Carl Gunnarsson Brandon Burlon 20 1 2 2
4 Travis Hamonic Shea Weber 10 1 2 2
PowerPlay Forward
Center Left Wing Right Wing Time % Phy DF OF
1 Tyler Seguin Johnny Gaudreau Tobias Rieder 60 0 1 4
2 Ryan Johansen Gabriel Landeskog Viktor Arvidsson 40 0 1 4
PowerPlay Defense
Defense Defense Time % Phy DF OF
1 Travis Hamonic Shea Weber 60 1 2 2
2 Brady Skjei Tobias Enstrom 40 1 2 2
Penalty Kill 4 Players Forward
Center Wing Time % Phy DF OF
1 Ryan Johansen Gabriel Landeskog 60 1 2 2
2 Tyler Bozak Kellan Lain 40 1 2 2
Penalty Kill 4 Players Defense
Defense Defense Time % Phy DF OF
1 Travis Hamonic Tobias Enstrom 60 1 2 2
2 Shea Weber Carl Gunnarsson 40 1 2 2
Penalty Kill - 3 Players Forward
Forward Time % Phy DF OF
1 Tyler Seguin 60 1 2 2
2 Johnny Gaudreau 40 1 2 2
Penalty Kill - 3 Players Defense
Defense Defense Time % Phy DF OF
1 Brandon Burlon Tobias Enstrom 60 1 2 2
2 Shea Weber Travis Hamonic 40 1 2 2
4 vs 4 Forward
Center Wing Time % Phy DF OF
1 Tyler Seguin Johnny Gaudreau 60 1 2 2
2 Ryan Johansen Gabriel Landeskog 40 1 2 2
4 vs 4 Defense
Defense Defense Time % Phy DF OF
1 Tobias Enstrom Brady Skjei 60 1 2 2
2 Shea Weber Travis Hamonic 40 1 2 2
Last Minutes Offensive
Center Left Wing Right Wing Defense Defense
Tyler Seguin Johnny Gaudreau Marian Hossa Travis Hamonic Shea Weber
Last Minutes Defensive
Center Left Wing Right Wing Defense Defense
Tyler Seguin Johnny Gaudreau Marian Hossa Travis Hamonic Shea Weber
Goaltenders
Starting : John Gibson
Backup : Keith Kinkaid
Extra Forwards
Normal : Tyler Bozak, Kellan Lain, Rostislav Olesz - PP : Tyler Bozak, Kellan Lain - PK : Rostislav Olesz
Extra Defensemen
Normal : Brady Skjei, Brandon Burlon, Carl Gunnarsson - PP : Carl Gunnarsson - PK : Brandon Burlon, Brady Skjei
Penalty Shots
Tyler Seguin, Johnny Gaudreau, Ryan Johansen, Gabriel Landeskog, Kellan Lain
Scratches
Pernell Karl Subban (Broken Bone (Left Foot) Injury), Ladislav Smid (Sprained Left Knee Injury)
% Time on Ice - Blackhawks
Lines # - Real PCT - Wanted PCT - Time Play
Normal Forward
1 - 39% - 40% - 17:58
2 - 27% - 30% - 12:13
3 - 21% - 20% - 9:48
4 - 13% - 10% - 6:07
Normal Defense
1 - 43% - 40% - 19:39
2 - 32% - 30% - 14:52
3 - 21% - 20% - 9:30
4 - 5% - 10% - 2:05
PP Forward
1 - 60% - 60% - 1:12
2 - 40% - 40% - 0:48
PP Defense
1 - 72% - 60% - 1:26
2 - 28% - 40% - 0:34
PK Forward
1 - 73% - 60% - 8:44
2 - 27% - 40% - 3:10
PK Defense
1 - 62% - 60% - 7:20
2 - 38% - 40% - 4:34
PK3 Forward
1 - 0% - 60%
2 - 0% - 40%
PK3 Defense
1 - 0% - 60%
2 - 0% - 40%
44 Forward
1 - 0% - 60%
2 - 0% - 40%
44 Defense
1 - 0% - 60%
2 - 0% - 40%
Last Minute Offensive - 0:00
Last Minute Defensive - 0:00
Total
Forward - 60:00
Defense - 60:00
|
% Time on Ice - Devils
Lines # - Real PCT - Wanted PCT - Time Play
Normal Forward
1 - 37% - 40% - 16:56
2 - 28% - 30% - 13:07
3 - 23% - 20% - 10:36
4 - 12% - 10% - 5:27
Normal Defense
1 - 44% - 40% - 20:16
2 - 31% - 30% - 14:18
3 - 22% - 20% - 10:01
4 - 3% - 10% - 1:31
PP Forward
1 - 55% - 60% - 6:35
2 - 45% - 40% - 5:19
PP Defense
1 - 60% - 60% - 7:09
2 - 40% - 40% - 4:45
PK Forward
1 - 82% - 60% - 1:38
2 - 18% - 40% - 0:22
PK Defense
1 - 68% - 60% - 1:22
2 - 32% - 40% - 0:38
PK3 Forward
1 - 0% - 60%
2 - 0% - 40%
PK3 Defense
1 - 0% - 60%
2 - 0% - 40%
44 Forward
1 - 0% - 60%
2 - 0% - 40%
44 Defense
1 - 0% - 60%
2 - 0% - 40%
Last Minute Offensive - 0:00
Last Minute Defensive - 0:00
Total
Forward - 60:00
Defense - 60:00
|
Play-by-Play
1st period
0:01 of 1st period - Ryan Johansen wins face-off versus Derick Brassard in neutral zone.
0:27 of 1st period - John Carlson is hit by Tobias Rieder and loses puck.
1:12 of 1st period - Snap shot by Gabriel Bourque.
1:12 of 1st period - Shot Blocked by Tobias Enstrom.
1:57 of 1st period - Wrist shot by Scott Gomez.
1:57 of 1st period - Shot Misses the Net.
2:58 of 1st period - Wrist shot by Michael Latta.
2:58 of 1st period - Shot Misses the Net.
3:00 of 1st period - Wrist shot by Michael Latta.
3:00 of 1st period - Shot Misses the Net.
3:02 of 1st period - Snap shot by Michael Latta.
3:02 of 1st period - Goal by Michael Latta - Blackhawks : 1 - Devils : 0.
3:03 of 1st period - Tyler Seguin wins face-off versus Derick Brassard in neutral zone.
3:06 of 1st period - Seth Jones is hit by Tyler Seguin and loses puck.
3:52 of 1st period - Icing by Brandon Burlon.
3:53 of 1st period - Erik Christensen wins face-off versus Kevin Porter in Devils zone.
4:24 of 1st period - Snap shot by Gabriel Landeskog.
4:24 of 1st period - Stopped by Jimmy Howard without a rebound.
4:25 of 1st period - Derick Brassard wins face-off versus Tyler Seguin in Blackhawks zone.
4:34 of 1st period - Snap shot by Derick Brassard.
4:34 of 1st period - Stopped by John Gibson without a rebound.
4:35 of 1st period - Derick Brassard wins face-off versus Ryan Johansen in Devils zone.
4:44 of 1st period - Slapshot by Chris Kreider.
4:44 of 1st period - Stopped by John Gibson without a rebound.
4:45 of 1st period - Scott Gomez wins face-off versus Ryan Johansen in Devils zone.
5:10 of 1st period - Slapshot by Johnny Gaudreau.
5:10 of 1st period - Deflect By Viktor Arvidsson.
5:10 of 1st period - Stopped by Jimmy Howard with a rebound.
5:12 of 1st period - Slapshot by Tobias Enstrom.
5:12 of 1st period - Shot Blocked by Mike Green.
5:22 of 1st period - Wrist shot by Johnny Gaudreau.
5:22 of 1st period - Stopped by Jimmy Howard with a rebound.
5:24 of 1st period - Snap shot by Travis Hamonic.
5:24 of 1st period - Shot Misses the Net.
5:36 of 1st period - Wrist shot by Johnny Gaudreau.
5:36 of 1st period - Stopped by Jimmy Howard with a rebound.
5:50 of 1st period - Wrist shot by Ryan Johansen.
5:50 of 1st period - Deflect By Johnny Gaudreau.
5:50 of 1st period - Shot Misses the Net.
5:50 of 1st period - Puck is out of play.
5:51 of 1st period - Derick Brassard wins face-off versus Tobias Rieder in Blackhawks zone.
5:53 of 1st period - Minor Penalty to Derick Brassard for Interference.
5:54 of 1st period - Scott Gomez wins face-off versus Tyler Seguin in Blackhawks zone.
6:47 of 1st period - Seth Jones is hit by Brady Skjei.
7:03 of 1st period - Justin Falk is hit by Tobias Enstrom and loses puck.
7:53 of 1st period - Penalty to Derick Brassard is over, Derick Brassard is back on ice.
8:14 of 1st period - Chris Kreider is hit by Brady Skjei and loses puck.
8:56 of 1st period - Tyler Seguin is hit by Rick Nash and loses puck.
9:33 of 1st period - Ryan Johansen is hit by Michael Latta and loses puck.
9:48 of 1st period - Snap shot by Tyler Seguin.
9:48 of 1st period - Stopped by Jimmy Howard without a rebound.
9:49 of 1st period - Tyler Seguin wins face-off versus Derick Brassard in Blackhawks zone.
9:50 of 1st period - Backhand shot by Tobias Rieder.
9:50 of 1st period - Stopped by Jimmy Howard with a rebound.
9:52 of 1st period - Slapshot by Carl Gunnarsson.
9:52 of 1st period - Shot Blocked by Matthew Spiller.
9:54 of 1st period - Wrist shot by Brandon Burlon.
9:54 of 1st period - Stopped by Jimmy Howard without a rebound.
9:55 of 1st period - Tyler Seguin wins face-off versus Derick Brassard in Blackhawks zone.
10:32 of 1st period - Snap shot by Gabriel Landeskog.
10:32 of 1st period - Stopped by Jimmy Howard without a rebound.
10:33 of 1st period - Erik Christensen wins face-off versus Ryan Johansen in Blackhawks zone.
10:43 of 1st period - Minor Penalty to Erik Christensen for Diving.
10:44 of 1st period - Scott Gomez wins face-off versus Tobias Rieder in Blackhawks zone.
10:54 of 1st period - Slapshot by Shea Weber.
10:54 of 1st period - Shot Blocked by Matthew Spiller.
11:19 of 1st period - Snap shot by Gabriel Landeskog.
11:19 of 1st period - Stopped by Jimmy Howard with a rebound.
12:43 of 1st period - Penalty to Erik Christensen is over, Erik Christensen is back on ice.
12:50 of 1st period - Icing by Mike Green.
12:51 of 1st period - Derick Brassard wins face-off versus Kevin Porter in Blackhawks zone.
13:00 of 1st period - Slapshot by John Carlson.
13:00 of 1st period - Stopped by John Gibson with a rebound.
13:14 of 1st period - Icing by Kellan Lain.
13:15 of 1st period - Erik Christensen wins face-off versus Kevin Porter in Devils zone.
13:32 of 1st period - Wrist shot by Antoine Roussel.
13:32 of 1st period - Shot Misses the Net.
13:38 of 1st period - Slapshot by Tobias Enstrom.
13:38 of 1st period - Shot Misses the Net.
13:52 of 1st period - Wrist shot by Kevin Porter.
13:52 of 1st period - Stopped by Jimmy Howard with a rebound.
13:54 of 1st period - Wrist shot by Brady Skjei.
13:54 of 1st period - Stopped by Jimmy Howard without a rebound.
13:55 of 1st period - Ryan Johansen wins face-off versus Scott Gomez in Blackhawks zone.
14:53 of 1st period - Brandon Yip is hit by Shea Weber.
15:03 of 1st period - Snap shot by Tomas Fleischmann.
15:03 of 1st period - Stopped by John Gibson without a rebound.
15:04 of 1st period - Ryan Johansen wins face-off versus Michael Latta in Devils zone.
15:08 of 1st period - Off-side.
15:09 of 1st period - Ryan Johansen wins face-off versus Michael Latta in neutral zone.
16:04 of 1st period - Slapshot by Seth Jones.
16:04 of 1st period - Stopped by John Gibson with a rebound.
16:13 of 1st period - Off-side.
16:14 of 1st period - Ryan Johansen wins face-off versus Derick Brassard in neutral zone.
16:17 of 1st period - Wrist shot by Johnny Gaudreau.
16:17 of 1st period - Shot Misses the Net.
16:46 of 1st period - Icing by Tyler Seguin.
16:47 of 1st period - Gabriel Landeskog wins face-off versus Derick Brassard in Devils zone.
17:07 of 1st period - Wrist shot by Tobias Rieder.
17:07 of 1st period - Stopped by Jimmy Howard with a rebound.
17:09 of 1st period - Snap shot by Tyler Seguin.
17:09 of 1st period - Stopped by Jimmy Howard with a rebound.
17:11 of 1st period - Slapshot by Brady Skjei.
17:11 of 1st period - Stopped by Jimmy Howard without a rebound.
17:12 of 1st period - Scott Gomez wins face-off versus Viktor Arvidsson in Blackhawks zone.
17:27 of 1st period - Snap shot by Viktor Arvidsson.
17:27 of 1st period - Stopped by Jimmy Howard with a rebound.
17:52 of 1st period - Off-side.
17:53 of 1st period - Ryan Johansen wins face-off versus Chris Kreider in neutral zone.
18:06 of 1st period - Wrist shot by Chris Kreider.
18:06 of 1st period - Stopped by John Gibson with a rebound.
18:08 of 1st period - Slapshot by Derick Brassard.
18:08 of 1st period - Shot Misses the Net.
18:10 of 1st period - Slapshot by Matthew Spiller.
18:10 of 1st period - Stopped by John Gibson without a rebound.
18:11 of 1st period - Tyler Seguin wins face-off versus Erik Christensen in Devils zone.
18:20 of 1st period - Slapshot by Shea Weber.
18:20 of 1st period - Stopped by Jimmy Howard with a rebound.
18:22 of 1st period - Backhand shot by Gabriel Landeskog.
18:22 of 1st period - Deflect By John Carlson.
18:22 of 1st period - Stopped by Jimmy Howard with a rebound.
18:56 of 1st period - Icing by Shea Weber.
18:57 of 1st period - Marian Hossa wins face-off versus Scott Gomez in Devils zone.
19:22 of 1st period - Wrist shot by Johnny Gaudreau.
19:22 of 1st period - Deflect By Viktor Arvidsson.
19:22 of 1st period - Stopped by Jimmy Howard with a rebound.
19:42 of 1st period - Mike Green is hit by Travis Hamonic and loses puck.
19:51 of 1st period - Tyler Seguin is hit by Erik Christensen and loses puck.
Goals for this period are 1 for Blackhawks vs 0 for Devils.
Shots for this period are 8 for Blackhawks vs 18 for Devils.
2nd period
0:01 of 2nd period - Ryan Johansen wins face-off versus Derick Brassard in neutral zone.
0:03 of 2nd period - Off-side.
0:04 of 2nd period - Derick Brassard wins face-off versus Ryan Johansen in neutral zone.
0:39 of 2nd period - Wrist shot by Tyler Seguin.
0:39 of 2nd period - Shot Misses the Net.
1:13 of 2nd period - Anthony Stewart is hit by Mike Green and loses puck.
2:23 of 2nd period - Slapshot by Rostislav Olesz.
2:23 of 2nd period - Deflect By Anthony Stewart.
2:23 of 2nd period - Shot Misses the Net.
2:23 of 2nd period - Puck is out of play.
2:24 of 2nd period - Scott Gomez wins face-off versus Tyler Bozak in Blackhawks zone.
3:20 of 2nd period - Snap shot by Tomas Fleischmann.
3:20 of 2nd period - Stopped by John Gibson without a rebound.
3:21 of 2nd period - Ryan Johansen wins face-off versus Scott Gomez in Devils zone.
3:26 of 2nd period - Wrist shot by Antoine Roussel.
3:26 of 2nd period - Stopped by John Gibson with a rebound.
4:00 of 2nd period - Erik Christensen is hit by Tobias Rieder and loses puck.
4:43 of 2nd period - Slapshot by Michael Latta.
4:43 of 2nd period - Stopped by John Gibson without a rebound.
4:44 of 2nd period - Scott Gomez wins face-off versus Tyler Seguin in Devils zone.
4:49 of 2nd period - Snap shot by Antoine Roussel.
4:49 of 2nd period - Stopped by John Gibson without a rebound.
4:50 of 2nd period - Tyler Seguin wins face-off versus Scott Gomez in Devils zone.
4:50 of 2nd period - Tyler Seguin is hit by Antoine Roussel.
5:06 of 2nd period - Wrist shot by Tyler Seguin.
5:06 of 2nd period - Stopped by Jimmy Howard with a rebound.
5:16 of 2nd period - Snap shot by Antoine Roussel.
5:16 of 2nd period - Stopped by John Gibson without a rebound.
5:17 of 2nd period - Ryan Johansen wins face-off versus Derick Brassard in Devils zone.
5:30 of 2nd period - Snap shot by Chris Kreider.
5:30 of 2nd period - Stopped by John Gibson without a rebound.
5:31 of 2nd period - Ryan Johansen wins face-off versus Derick Brassard in Devils zone.
5:47 of 2nd period - Snap shot by Johnny Gaudreau.
5:47 of 2nd period - Shot Misses the Net.
5:57 of 2nd period - Rick Nash is hit by Shea Weber and loses puck.
6:06 of 2nd period - Wrist shot by Kevin Porter.
6:06 of 2nd period - Stopped by Jimmy Howard without a rebound.
6:07 of 2nd period - Erik Christensen wins face-off versus Ryan Johansen in Blackhawks zone.
6:38 of 2nd period - Snap shot by Tyler Seguin.
6:38 of 2nd period - Stopped by Jimmy Howard with a rebound.
6:40 of 2nd period - Snap shot by Gabriel Landeskog.
6:40 of 2nd period - Stopped by Jimmy Howard without a rebound.
6:41 of 2nd period - Tyler Seguin wins face-off versus Derick Brassard in Blackhawks zone.
6:58 of 2nd period - Wrist shot by Tobias Rieder.
6:58 of 2nd period - Shot Blocked by Mike Green.
7:13 of 2nd period - Snap shot by Antoine Roussel.
7:13 of 2nd period - Goal by Antoine Roussel - Blackhawks : 2 - Devils : 0.
7:14 of 2nd period - Derick Brassard wins face-off versus Ryan Johansen in neutral zone.
7:25 of 2nd period - Snap shot by Viktor Arvidsson.
7:25 of 2nd period - Shot Misses the Net.
7:29 of 2nd period - Slapshot by Johnny Gaudreau.
7:29 of 2nd period - Goal by Johnny Gaudreau - Blackhawks : 2 - Devils : 1.
7:30 of 2nd period - Derick Brassard wins face-off versus Ryan Johansen in neutral zone.
8:26 of 2nd period - Wrist shot by Tomas Fleischmann.
8:26 of 2nd period - Stopped by John Gibson with a rebound.
8:28 of 2nd period - Wrist shot by Erik Christensen.
8:28 of 2nd period - Deflect By Brandon Yip.
8:28 of 2nd period - Deflect By Tyler Bozak.
8:28 of 2nd period - Stopped by John Gibson without a rebound.
8:29 of 2nd period - Ryan Johansen wins face-off versus Derick Brassard in Devils zone.
8:36 of 2nd period - Snap shot by Ryan Johansen.
8:36 of 2nd period - Shot Misses the Net.
8:38 of 2nd period - Slapshot by Shea Weber.
8:38 of 2nd period - Stopped by Jimmy Howard without a rebound.
8:39 of 2nd period - Derick Brassard wins face-off versus Ryan Johansen in Blackhawks zone.
8:41 of 2nd period - Minor Penalty to Derick Brassard for High sticking.
8:42 of 2nd period - Tyler Seguin wins face-off versus Chris Kreider in Blackhawks zone.
8:42 of 2nd period - Wrist shot by Johnny Gaudreau.
8:42 of 2nd period - Stopped by Jimmy Howard without a rebound.
8:43 of 2nd period - Tyler Seguin wins face-off versus Scott Gomez in Blackhawks zone.
8:54 of 2nd period - Slapshot by Tyler Seguin.
8:54 of 2nd period - Stopped by Jimmy Howard without a rebound.
8:55 of 2nd period - Scott Gomez wins face-off versus Tyler Seguin in Blackhawks zone.
10:41 of 2nd period - Penalty to Derick Brassard is over, Derick Brassard is back on ice.
10:44 of 2nd period - Wrist shot by Derick Brassard.
10:44 of 2nd period - Stopped by John Gibson with a rebound.
10:50 of 2nd period - Snap shot by Derick Brassard.
10:50 of 2nd period - Stopped by John Gibson without a rebound.
10:51 of 2nd period - Erik Christensen wins face-off versus Kevin Porter in Devils zone.
11:03 of 2nd period - Off-side.
11:04 of 2nd period - Derick Brassard wins face-off versus Tyler Seguin in neutral zone.
11:57 of 2nd period - Wrist shot by Tomas Fleischmann.
11:57 of 2nd period - Stopped by John Gibson without a rebound.
11:58 of 2nd period - Erik Christensen wins face-off versus Tyler Seguin in Devils zone.
12:13 of 2nd period - Snap shot by Gabriel Landeskog.
12:13 of 2nd period - Stopped by Jimmy Howard with a rebound.
12:15 of 2nd period - Slapshot by Shea Weber.
12:15 of 2nd period - Deflect By Tyler Seguin.
12:15 of 2nd period - Stopped by Jimmy Howard with a rebound.
12:25 of 2nd period - Matthew Spiller is hit by Brady Skjei and loses puck.
12:32 of 2nd period - Snap shot by Kevin Porter.
12:32 of 2nd period - Stopped by Jimmy Howard with a rebound.
12:34 of 2nd period - Slapshot by Kellan Lain.
12:34 of 2nd period - Shot Blocked by Tomas Fleischmann.
12:36 of 2nd period - Backhand shot by Tobias Enstrom.
12:36 of 2nd period - Shot Misses the Net.
12:56 of 2nd period - Slapshot by Derick Brassard.
12:56 of 2nd period - Stopped by John Gibson without a rebound.
12:57 of 2nd period - Derick Brassard wins face-off versus Tyler Seguin in Devils zone.
13:00 of 2nd period - Wrist shot by Chris Kreider.
13:00 of 2nd period - Shot Blocked by Gabriel Landeskog.
13:08 of 2nd period - Snap shot by Tyler Seguin.
13:08 of 2nd period - Goal by Tyler Seguin - Blackhawks : 2 - Devils : 2.
13:09 of 2nd period - Chris Kreider wins face-off versus Ryan Johansen in neutral zone.
13:11 of 2nd period - Minor Penalty to Derick Brassard for Roughing.
13:12 of 2nd period - Tobias Rieder wins face-off versus Scott Gomez in Blackhawks zone.
15:11 of 2nd period - Penalty to Derick Brassard is over, Derick Brassard is back on ice.
15:17 of 2nd period - Slapshot by Tyler Cuma.
15:17 of 2nd period - Stopped by John Gibson without a rebound.
15:18 of 2nd period - Kevin Porter wins face-off versus Erik Christensen in Devils zone.
15:18 of 2nd period - Kevin Porter is hit by Mike Green.
15:24 of 2nd period - Slapshot by Brandon Burlon.
15:24 of 2nd period - Shot Misses the Net.
15:45 of 2nd period - Minor Penalty to Michael Latta for Roughing.
15:46 of 2nd period - Johnny Gaudreau wins face-off versus Scott Gomez in Blackhawks zone.
15:47 of 2nd period - Snap shot by Tobias Rieder.
15:47 of 2nd period - Shot Misses the Net.
17:37 of 2nd period - Brady Skjei is hit by Chris Kreider and loses puck.
17:45 of 2nd period - Penalty to Michael Latta is over, Michael Latta is back on ice.
17:54 of 2nd period - Slapshot by Kellan Lain.
17:54 of 2nd period - Shot Blocked by Tyler Cuma.
18:00 of 2nd period - Brandon Burlon is hit by Tyler Cuma and loses puck.
18:11 of 2nd period - Snap shot by Michael Latta.
18:11 of 2nd period - Shot Misses the Net.
18:13 of 2nd period - Backhand shot by Chris Kreider.
18:13 of 2nd period - Stopped by John Gibson without a rebound.
18:14 of 2nd period - Erik Christensen wins face-off versus Tyler Bozak in Devils zone.
18:17 of 2nd period - Snap shot by Tomas Fleischmann.
18:17 of 2nd period - Shot Blocked by Shea Weber.
18:22 of 2nd period - Off-side.
18:23 of 2nd period - Erik Christensen wins face-off versus Ryan Johansen in neutral zone.
18:58 of 2nd period - Wrist shot by Kevin Porter.
18:58 of 2nd period - Shot Misses the Net.
19:34 of 2nd period - Derick Brassard is hit by Ryan Johansen and loses puck.
19:53 of 2nd period - Johnny Gaudreau is hit by Scott Gomez and loses puck.
Goals for this period are 1 for Blackhawks vs 2 for Devils.
Shots for this period are 15 for Blackhawks vs 12 for Devils.
3rd period
0:01 of 3rd period - Ryan Johansen wins face-off versus Derick Brassard in neutral zone.
0:35 of 3rd period - Off-side.
0:36 of 3rd period - Ryan Johansen wins face-off versus Derick Brassard in neutral zone.
0:49 of 3rd period - Wrist shot by Ryan Johansen.
0:49 of 3rd period - Stopped by Jimmy Howard with a rebound.
0:51 of 3rd period - Backhand shot by Tobias Enstrom.
0:51 of 3rd period - Stopped by Jimmy Howard without a rebound.
0:52 of 3rd period - Scott Gomez wins face-off versus Tyler Seguin in Blackhawks zone.
1:07 of 3rd period - Slapshot by Tyler Cuma.
1:07 of 3rd period - Stopped by John Gibson with a rebound.
1:19 of 3rd period - Chris Kreider is hit by Shea Weber.
1:41 of 3rd period - Wrist shot by Tomas Fleischmann.
1:41 of 3rd period - Deflect By Kevin Porter.
1:41 of 3rd period - Shot Blocked by Marian Hossa.
1:41 of 3rd period - Puck is out of play.
1:42 of 3rd period - Kevin Porter wins face-off versus Erik Christensen in Devils zone.
1:47 of 3rd period - John Carlson is hit by Kellan Lain and loses puck.
1:56 of 3rd period - Snap shot by Kellan Lain.
1:56 of 3rd period - Stopped by Jimmy Howard without a rebound.
1:57 of 3rd period - Derick Brassard wins face-off versus Ryan Johansen in Blackhawks zone.
3:29 of 3rd period - Minor Penalty to Travis Hamonic for High sticking.
3:30 of 3rd period - Derick Brassard wins face-off versus Ryan Johansen in Devils zone.
3:35 of 3rd period - Wrist shot by Derick Brassard.
3:35 of 3rd period - Stopped by John Gibson without a rebound.
3:36 of 3rd period - Ryan Johansen wins face-off versus Derick Brassard in Devils zone.
3:47 of 3rd period - Slapshot by John Carlson.
3:47 of 3rd period - Shot Blocked by Tobias Enstrom.
3:49 of 3rd period - Slapshot by Mike Green.
3:49 of 3rd period - Deflect By Derick Brassard.
3:49 of 3rd period - Shot Misses the Net.
3:49 of 3rd period - Puck is out of play.
3:50 of 3rd period - Ryan Johansen wins face-off versus Derick Brassard in Devils zone.
3:59 of 3rd period - Snap shot by John Carlson.
3:59 of 3rd period - Stopped by John Gibson with a rebound.
5:23 of 3rd period - Scott Gomez is hit by Tyler Bozak and loses puck.
5:29 of 3rd period - Penalty to Travis Hamonic is over, Travis Hamonic is back on ice.
5:52 of 3rd period - Gabriel Bourque is hit by Ryan Johansen and loses puck.
6:13 of 3rd period - Tomas Fleischmann is hit by Marian Hossa and loses puck.
6:27 of 3rd period - Icing by Brandon Burlon.
6:28 of 3rd period - Derick Brassard wins face-off versus Tyler Bozak in Devils zone.
6:53 of 3rd period - Snap shot by Tomas Fleischmann.
6:53 of 3rd period - Goal by Tomas Fleischmann - Blackhawks : 3 - Devils : 2.
6:54 of 3rd period - Ryan Johansen wins face-off versus Derick Brassard in neutral zone.
7:34 of 3rd period - Slapshot by Tyler Cuma.
7:34 of 3rd period - Shot Blocked by Shea Weber.
7:48 of 3rd period - Travis Hamonic is hit by Tomas Fleischmann and loses puck.
8:11 of 3rd period - Slapshot by Derick Brassard.
8:11 of 3rd period - Shot Misses the Net.
8:13 of 3rd period - Slapshot by Rick Nash.
8:13 of 3rd period - Shot Blocked by Kevin Porter.
8:15 of 3rd period - Slapshot by Rick Nash.
8:15 of 3rd period - Stopped by John Gibson without a rebound.
8:16 of 3rd period - Ryan Johansen wins face-off versus Scott Gomez in Devils zone.
8:18 of 3rd period - Minor Penalty to Carl Gunnarsson for Slashing.
8:19 of 3rd period - Derick Brassard wins face-off versus Ryan Johansen in Devils zone.
8:19 of 3rd period - Slapshot by John Carlson.
8:19 of 3rd period - Goal by John Carlson - Blackhawks : 4 - Devils : 2.
8:20 of 3rd period - Ryan Johansen wins face-off versus Derick Brassard in neutral zone.
8:53 of 3rd period - Brady Skjei is hit by Antoine Roussel and loses puck.
9:10 of 3rd period - Snap shot by Kevin Porter.
9:10 of 3rd period - Stopped by Jimmy Howard without a rebound.
9:11 of 3rd period - Erik Christensen wins face-off versus Kellan Lain in Blackhawks zone.
9:20 of 3rd period - Wrist shot by Erik Christensen.
9:20 of 3rd period - Stopped by John Gibson without a rebound.
9:21 of 3rd period - Derick Brassard wins face-off versus Ryan Johansen in Devils zone.
9:48 of 3rd period - Wrist shot by Derick Brassard.
9:48 of 3rd period - Shot Blocked by Brady Skjei.
9:50 of 3rd period - Snap shot by Antoine Roussel.
9:50 of 3rd period - Stopped by John Gibson with a rebound.
9:52 of 3rd period - Snap shot by Bobby Ryan.
9:52 of 3rd period - Stopped by John Gibson with a rebound.
9:54 of 3rd period - Snap shot by Seth Jones.
9:54 of 3rd period - Deflect By Bobby Ryan.
9:54 of 3rd period - Shot Misses the Net.
9:54 of 3rd period - Puck is out of play.
9:55 of 3rd period - Scott Gomez wins face-off versus Tyler Seguin in Devils zone.
9:56 of 3rd period - Wrist shot by Antoine Roussel.
9:56 of 3rd period - Shot Blocked by Tobias Enstrom.
10:26 of 3rd period - Mike Green is hit by Brandon Burlon.
11:32 of 3rd period - Travis Hamonic is hit by Gabriel Bourque and loses puck.
11:39 of 3rd period - Snap shot by David Jones.
11:39 of 3rd period - Shot Misses the Net.
11:41 of 3rd period - Backhand shot by Mike Green.
11:41 of 3rd period - Shot Misses the Net.
11:43 of 3rd period - Wrist shot by David Jones.
11:43 of 3rd period - Stopped by John Gibson without a rebound.
11:44 of 3rd period - Derick Brassard wins face-off versus Tyler Seguin in Devils zone.
12:11 of 3rd period - Bobby Ryan is hit by Brady Skjei and loses puck.
12:18 of 3rd period - Wrist shot by Kevin Porter.
12:18 of 3rd period - Stopped by Jimmy Howard with a rebound.
12:20 of 3rd period - Snap shot by Tobias Enstrom.
12:20 of 3rd period - Deflect By Kellan Lain.
12:20 of 3rd period - Shot Blocked by Matthew Spiller.
12:20 of 3rd period - Puck is out of play.
12:21 of 3rd period - Ryan Johansen wins face-off versus Derick Brassard in Blackhawks zone.
12:30 of 3rd period - Wrist shot by Ryan Johansen.
12:30 of 3rd period - Shot Misses the Net.
12:32 of 3rd period - Slapshot by Tobias Enstrom.
12:32 of 3rd period - Stopped by Jimmy Howard with a rebound.
12:36 of 3rd period - Snap shot by Johnny Gaudreau.
12:36 of 3rd period - Shot Misses the Net.
12:48 of 3rd period - Travis Hamonic is hit by Antoine Roussel.
13:12 of 3rd period - Brady Skjei is hit by Michael Latta and loses puck.
14:41 of 3rd period - Slapshot by Shea Weber.
14:41 of 3rd period - Stopped by Jimmy Howard without a rebound.
14:42 of 3rd period - Derick Brassard wins face-off versus Tyler Seguin in Blackhawks zone.
15:30 of 3rd period - Minor Penalty to Scott Gomez for Hooking.
15:31 of 3rd period - Brandon Yip wins face-off versus Tyler Seguin in Blackhawks zone.
15:46 of 3rd period - Icing by Shea Weber.
15:47 of 3rd period - Tyler Seguin wins face-off versus Brandon Yip in Devils zone.
16:25 of 3rd period - Slapshot by Viktor Arvidsson.
16:25 of 3rd period - Stopped by Jimmy Howard without a rebound.
16:26 of 3rd period - Tyler Seguin wins face-off versus Brandon Yip in Blackhawks zone.
16:29 of 3rd period - Snap shot by Tyler Seguin.
16:29 of 3rd period - Shot Blocked by Seth Jones.
16:31 of 3rd period - Wrist shot by Tobias Rieder.
16:31 of 3rd period - Deflect By Johnny Gaudreau.
16:31 of 3rd period - Shot Blocked by Brandon Yip.
16:31 of 3rd period - Puck is out of play.
16:32 of 3rd period - Tyler Seguin wins face-off versus Brandon Yip in Blackhawks zone.
17:07 of 3rd period - Wrist shot by Michael Latta.
17:07 of 3rd period - Shot Misses the Net.
17:30 of 3rd period - Penalty to Scott Gomez is over, Scott Gomez is back on ice.
17:51 of 3rd period - Kellan Lain is hit by Scott Gomez and loses puck.
Goals for this period are 2 for Blackhawks vs 0 for Devils.
Shots for this period are 10 for Blackhawks vs 8 for Devils.
Back to the Top